 Dungeon Crawl Stone Soup version 0.24.0-1-gfbc8707122 (webtiles) character file.

Game seed: 9224084659414638098, levelgen mode: deterministic

278 Arum the Slasher (level 6, -2/55 HPs)
             Began as a Minotaur Gladiator on Oct 28, 2019.
             Killed by divine providence
             ... invoked by an orc priest
              (11 damage)
             ... on level 3 of the Dungeon.
             The game lasted 00:02:52 (1440 turns).

Arum the Slasher (Minotaur Gladiator)               Turns: 1440, Time: 00:02:53

Health: -2/55      AC:  5    Str: 20    XL:     6   Next: 5%
Magic:  5/5        EV: 13    Int:  5    God:
Gold:   66         SH:  0    Dex: 12    Spells: 5/5 levels left

rFire    . . .     SeeInvis .   a - +0 long sword
rCold    . . .     Gourm    .   (no shield)
rNeg     . . .     Faith    .   b - +0 ring mail
rPois    .         Spirit   .   c - +0 hat
rElec    .         Reflect  .   (no cloak)
rCorr    .         Harm     .   (no gloves)
MR       .....                  (no boots)
Stlth    +.........             h - amulet of regeneration
HPRegen  0.58/turn              (no ring)
MPRegen  0.09/turn              (no ring)

@: no status effects
A: retaliatory headbutt, horns 2
a: no special abilities


You were on level 3 of the Dungeon.
You were not hungry.

You visited 1 branch of the dungeon, and saw 3 of its levels.

You collected 66 gold pieces.

Inventory:

Hand Weapons
 a - a +0 long sword (weapon)
Missiles
 d - 3 throwing nets (quivered)
 j - 10 boomerangs
 k - 3 silver javelins
 u - 4 boomerangs of dispersal
Armour
 b - a +0 ring mail (worn)
 c - a +0 hat (worn)
Jewellery
 h - an amulet of regeneration (around neck)
 o - an uncursed ring of ice
 q - an uncursed ring of ice
Scrolls
 e - a scroll of noise {unknown}
 g - a scroll of remove curse {unknown}
 l - 7 scrolls of identify {unknown}
 m - a scroll of magic mapping {unknown}
 n - a scroll of fog {unknown}
 p - a scroll of enchant weapon {unknown}
 r - a scroll of fear {unknown}
 s - a scroll of teleportation {unknown}
 v - a scroll of blinking {unknown}
Comestibles
 f - 6 rations
 t - 4 chunks of flesh


   Skills:
 + Level 4.8 Fighting
 + Level 5.5 Long Blades
 - Level 2.0 Throwing
 + Level 5.0 Dodging


You had 5 spell levels left.
You didn't know any spells.
Your spell library was empty.

Dungeon Overview and Level Annotations

Branches:
Dungeon (3/15)

Altars:


Innate Abilities, Weirdness & Mutations

You reflexively headbutt those who attack you in melee.
You have a pair of horns on your head.


Message History

You riposte.
You hit the orc priest.
You kill the orc priest!
You have reached level 6!
Your experience leads to an increase in your attributes!
Increase (S)trength, (I)ntelligence, or (D)exterity?
You feel agile.
The orc priest mumbles some strange prayers to Beogh against you.
Pain shoots through your body!
* * * LOW HITPOINT WARNING * * *
The orc priest hits you but does no damage.
Things that are here:
a +0 dagger; a +0 leather armour You hit the orc priest.
The orc priest is lightly wounded.
The orc priest hits you.
* * * LOW HITPOINT WARNING * * *
You feel better.
The orc priest calls down the wrath of Beogh upon you.
Beogh smites you!
You die...

##.....#######...#
...........†(....#
..#..#########...# ....## ###.#
.#### #.# ######## ## #.#
##......# # ########## #.#
##........ # ##...##>..## #.#
#......... ###..........###@#
#......... ##............##o#
#...<..... #............##o###
#.........
#.................#####.........
##..........###.#.o.)÷).........
##...##...## #.###..###........
########## #<###)###.........
#.....# #.......>.
###.####..#### #.........


You could see an orc priest and an orc wizard.

Vanquished Creatures
  A crimson imp (D:3)
  2 orc priests (D:3)
  4 gnolls (D:3)
  7 adders
  An ooze (D:1)
  3 worms
  A leopard gecko (D:3)
  11 orcs (D:3)
  9 bats
  2 giant cockroaches
  6 goblins
  3 hobgoblins
  5 jackals
  3 kobolds
  A quokka (D:2)
  A ball python (D:1)
  A frilled lizard (D:1)
  5 rats
66 creatures vanquished.

Notes
Turn   | Place    | Note
-------+----------+-------------------------------------------
     0 | D:1      | Arum the Minotaur Gladiator began the quest for the Orb.
     0 | D:1      | Reached XP level 1. HP: 18/18 MP: 0/0
    94 | D:1      | Reached XP level 2. HP: 21/25 MP: 1/1
   460 | D:2      | Reached XP level 3. HP: 31/31 MP: 2/2
   733 | D:2      | Reached XP level 4. HP: 40/40 MP: 3/3
   745 | D:2      | Found a faded altar of an unknown god.
  1187 | D:3      | Reached XP level 5. HP: 37/46 MP: 4/4
  1191 | D:3      | Reached skill level 5 in Long Blades
  1415 | D:3      | Reached skill level 5 in Dodging
  1437 | D:3      | Reached XP level 6. HP: 17/55 MP: 5/5
  1440 | D:3      | Killed from afar by an orc priest

Levels and vault maps discovered:
D:1:      dpeg_arrival_more_subterranean_lakeside_camping, layout_basic,
          minmay_tree_intersection
D:2:      layout_loops_ring, chequers_ecumenical_altar_twisty, st_stairs_7,
          minmay_pentomino_o4
D:3:      cheibrodos_pilgrimage, layout_rooms, portal_sewer_entry_e

Skill      XL: |  1  2  3  4  5 |
---------------+----------------+-----
Long Blades    | 4 5 |  5.5
Fighting       | 3 4 |  4.8
Dodging        | 4 5 |  5.0
Throwing       | |  2.0

Action                   |  1- 3 |  4- 6 || total
-------------------------+-------+-------++-------
Melee: Long sword        |    48 |    77 ||   125
       Headbutt          |     9 |    11 ||    20
  Use: Potion            |       |     2 ||     2
  Eat: Chunk             |       |     2 ||     2
Armor: Leather armour    |     3 |       ||     3
       Ring mail         |     8 |    16 ||    24
Dodge: Dodged            |    40 |    41 ||    81
       Rpst.: Long sword |    11 |    11 ||    22
